 Dungeon Crawl Stone Soup version 0.29.1-15-g9cfb28693d (webtiles) character file.

Game seed: 7292812604939894158

11674 BuddhaDhamma the Executioner (level 11, -6/82 HPs)
             Began as a Minotaur Berserker on Mar 6, 2023.
             Was a High Priest of Trog.
             Succumbed to Amaemon's poison
             ... on level 11 of the Dungeon.
             The game lasted 00:22:35 (11114 turns).

BuddhaDhamma the Executioner (Minotaur Berserker)  Turns: 11114, Time: 00:22:36

Health: -6/82      AC: 29    Str: 26    XL:     11   Next: 52%
Magic:  10/10      EV:  9    Int:  4    God:    Trog [*****.]
Gold:   508        SH:  0    Dex: 16    Spells: 10/10 levels left

rFire   . . .      SeeInvis .   t - +0 battleaxe
rCold   . . .      Faith    +   (shield currently unavailable)
rNeg    + . .      Spirit   .   k - +18 Lear's hauberk
rPois   .          Reflect  .   (helmet currently unavailable)
rElec   .          Harm     .   E - +2 cloak
rCorr   .          Rampage  .   (gloves currently unavailable)
Will    .....                   (boots currently unavailable)
Stlth   ..........              y - amulet of faith
HPRegen 0.23/turn               s - +6 ring of dexterity
MPRegen 0.12/turn               C - ring of positive energy

@: lethally poisoned (-6 -> -34), weakened, on berserk cooldown, slowed, very
slow
A: horns 2, retaliatory headbutt
a: Renounce Religion, Berserk, Trog's Hand, Brothers in Arms


You were on level 11 of the Dungeon.
You worshipped Trog.
Trog was extremely pleased with you.
You visited 1 branch of the dungeon, and saw 11 of its levels.
You also visited: Sewer.

You collected 508 gold pieces.

Inventory:

Hand Weapons
 t - a +0 battleaxe (weapon)
Missiles
 g - 20 poisoned darts (quivered)
 x - 2 throwing nets
Armour
 k - the +18 Lear's hauberk (worn)
   (You found it on level 4 of the Dungeon)
 E - a +2 cloak (worn)
Jewellery
 q - a ring of ice
 s - a +6 ring of dexterity (left hand)
 v - an amulet of the acrobat
 y - an amulet of faith (around neck)
 C - a ring of positive energy (right hand)
Wands
 o - a wand of charming (4)
 r - a wand of light (4)
 D - a wand of mindburst (2)
 G - a wand of digging (4)
Scrolls
 l - 4 scrolls of teleportation
 n - a scroll of butterflies
 u - a scroll of silence
 A - 3 scrolls of fear
 B - a scroll of magic mapping
 F - 3 scrolls of blinking {unknown}
Potions
 a - 2 potions of attraction
 b - 4 potions of curing
 c - a potion of might
 d - 12 potions of haste
 e - 5 potions of heal wounds
 f - 3 potions of degeneration
 h - 4 potions of flight
 i - 2 potions of mutation
 j - 2 potions of resistance
 m - 3 potions of cancellation
 p - 5 potions of lignification
 w - a potion of experience
 z - a potion of brilliance


   Skills:
 - Level 3.6 Fighting
 + Level 21.2 Axes
 - Level 2.4 Armour
 - Level 2.1 Dodging


You had 10 spell levels left.
You didn't know any spells.
Your spell library was empty.

Dungeon Overview and Level Annotations

Branches:
Dungeon (11/15)            Temple (0/1) D:4            Lair (0/5) D:8
  Sewer (visited)
    Orc: D:9-12

Altars:
Dithmenos
Fedhas
Hepliaklqana
Kikubaaqudgha
Makhleb
Qazlal
Ru
Sif Muna
Trog
Vehumet
Wu Jian
Xom

Shops:
D:10 *

Annotations:
D:8 2 transporters, AppTheSpectato's ghost, novice SpBr
D:11 Amaemon


Innate Abilities, Weirdness & Mutations

You have a pair of horns on your head.
You reflexively headbutt those who attack you in melee.


Message History

You are more poisoned.
Amaemon claws you but does no damage.
Amaemon tail-slaps you but does no damage.
Amaemon hits you but does no damage. Amaemon claws you but does no damage.
Amaemon tail-slaps you.
* * * LOW HITPOINT WARNING * * *
You are lethally poisoned!
Amaemon poisons you!
The orange demon stings you but does no damage.
You barely miss Amaemon.
Amaemon is heavily wounded.
* * * LOW HITPOINT WARNING * * *
You feel extremely sick. Amaemon barely misses you. You furiously retaliate!
You headbutt Amaemon! Amaemon claws you.
* * * LOW HITPOINT WARNING * * *
Amaemon completely misses you.
You closely miss Amaemon. You headbutt Amaemon!
Amaemon is almost dead.
You are no longer berserk.
You are exhausted.
You feel as though you will be slow longer.
* * * LOW HITPOINT WARNING * * *
You feel extremely sick.
Amaemon casts a spell.
The orange demon closely misses you.
You hit Amaemon.
Amaemon is almost dead.
You barely miss the scorpion.
* * * LOW HITPOINT WARNING * * *
You feel extremely sick.
Amaemon casts a spell.
The orange demon barely misses you. The scorpion barely misses you.
Amaemon closely misses you. Amaemon claws you but does no damage.
Amaemon tail-slaps you but does no damage.
You closely miss Amaemon. You headbutt Amaemon.
Amaemon is almost dead.
You barely miss the scorpion. You closely miss the scorpion.
You slash the scorpion!
You die...

## ... #############
##.##########...........#######
............#............÷.÷...
............#...........#######
.......................|#
............4...........#
.######.....#s6.........#
##.........@.........#
#......[...sss####...#
#..$..........# #...#
#.##..######### #...# ## #.
#.## #...# #. . ...
#####...######. .. ..>.
............##. .. ......
###########.... ...... #....


You could see Amaemon (fast), an orange demon and 4 scorpions.

Vanquished Creatures
  Erica (D:8)
  Pikel (D:9)
  Maurice (D:11)
  An unseen horror (D:10)
  Psyche (D:8)
  A polar bear (D:10)
  Prince Ribbit (D:6)
  Grinder (D:5)
  3 centaur simulacra (D:10)
  2 wraiths (D:10)
  A wyvern (D:9)
  21 yaks
  2 steam dragons
  Menkaure (D:6)
  2 water moccasins
  Duvessa (D:7)
  4 orc warriors
  A sky beast (D:7)
  A black bear (D:5)
  7 ice beasts
  2 wolves (D:10)
  2 centaurs
  A lemure (D:9)
  A phantom (D:5)
  A kobold brigand (D:10)
  A gnoll sergeant (D:9)
  3 bullfrogs
  A necrophage (D:7)
  6 scorpions
  11 wights
  Dowan (D:7)
  6 killer bees (D:9)
  4 electric eels
  6 howler monkeys
  3 hounds
  9 orc priests
  A jelly (D:5)
  3 gnoll boudas
  2 iguanas (D:5)
  5 orc wizards
  16 gnolls
  8 adders
  A river rat (D:4)
  10 white imps
  2 ufetubi
  4 worms
  2 dart slugs (D:2)
  34 orcs
  11 ball pythons
  6 endoplasms
  5 giant cockroaches
  6 hobgoblins
  14 kobolds
  2 quokkas
  16 bats
  7 frilled lizards
  8 goblins
  4 rats
279 creatures vanquished.

Vanquished Creatures (others)
  An ugly thing (D:9)
  A shadow (D:9)
2 creatures vanquished.

Grand Total: 281 creatures vanquished

Notes
Turn   | Place    | Note
-------+----------+-------------------------------------------
     0 | D:1      | BuddhaDhamma the Minotaur Berserker began the quest for the
                  | Orb.
     0 | D:1      | Reached XP level 1. HP: 19/19 MP: 0/0
   132 | D:1      | Reached skill level 4 in Axes
   244 | D:1      | Reached XP level 2. HP: 26/26 MP: 1/1
   728 | D:2      | Reached skill level 5 in Axes
   740 | D:2      | Reached XP level 3. HP: 31/31 MP: 2/2
   765 | D:2      | Reached ** piety under Trog
  1239 | D:2      | Found a faded altar of an unknown god.
  1364 | D:2      | Reached XP level 4. HP: 39/39 MP: 3/3
  1371 | D:2      | Reached skill level 6 in Axes
  1395 | D:2      | Identified the +4 lajatang of Tumult {spect, Str+3 Dex+4}
  2194 | D:3      | Found a burning altar of Makhleb.
  2288 | D:3      | Found a hazy altar of Hepliaklqana.
  2289 | D:3      | Found a shimmering altar of Xom.
  2290 | D:3      | Noticed a spectral ugly thing
  2320 | D:3      | Reached XP level 5. HP: 40/45 MP: 4/4
  2321 | D:3      | Reached skill level 7 in Axes
  2467 | D:3      | Found an ancient bone altar of Kikubaaqudgha.
  2984 | D:4      | Found a glowing drain.
  3138 | Sewer    | Entered a sewer
  3147 | Sewer    | Reached *** piety under Trog
  3166 | Sewer    | Noticed a water moccasin
  3182 | Sewer    | Killed a water moccasin
  3183 | Sewer    | Reached skill level 8 in Axes
  3183 | Sewer    | Reached XP level 6. HP: 39/51 MP: 5/5
  3451 | D:4      | Found a staircase to the Ecumenical Temple.
  3533 | D:4      | Found the +18 Lear's hauberk
  3542 | D:4      | Reached skill level 9 in Axes
  3631 | D:4      | Found a shadowy altar of Dithmenos.
  3886 | D:5      | Entered Level 5 of the Dungeon
  4045 | D:5      | Noticed an ice beast
  4051 | D:5      | Killed an ice beast
  4052 | D:5      | Reached skill level 10 in Axes
  4052 | D:5      | Reached XP level 7. HP: 57/57 MP: 6/6
  4231 | D:5      | Noticed Grinder
  4259 | D:5      | Killed Grinder
  4260 | D:5      | Reached skill level 11 in Axes
  4269 | D:5      | Reached XP level 8. HP: 55/64 MP: 7/7
  4341 | D:5      | Found a stormy altar of Qazlal.
  4344 | D:5      | Found a bloodstained altar of Trog.
  4418 | D:5      | Reached skill level 12 in Axes
  5033 | D:6      | Reached skill level 13 in Axes
  5519 | D:6      | Reached skill level 14 in Axes
  5631 | D:6      | Noticed Menkaure
  5636 | D:6      | Killed Menkaure
  5637 | D:6      | Reached XP level 9. HP: 57/70 MP: 8/8
  5717 | D:6      | Noticed Prince Ribbit
  5727 | D:6      | Killed Prince Ribbit
  5950 | D:6      | Found an ornate altar of the Wu Jian Council.
  6302 | D:7      | Noticed Dowan
  6308 | D:7      | Killed Dowan
  6316 | D:7      | Noticed Duvessa
  6327 | D:7      | Killed Duvessa
  6328 | D:7      | Reached skill level 15 in Axes
  6696 | D:7      | Reached **** piety under Trog
  6733 | D:7      | Reached skill level 16 in Axes
  7308 | D:8      | Noticed Erica
  7319 | D:8      | Killed Erica
  7320 | D:8      | Reached skill level 17 in Axes
  7320 | D:8      | Reached XP level 10. HP: 77/77 MP: 9/9
  7389 | D:8      | Found a transporter.
  7391 | D:8      | Found a transporter.
  7392 | D:8      | Noticed AppTheSpectato's ghost (novice SpBr)
  7636 | D:8      | You fall into a shaft and drop 1 floor!
  7685 | D:9      | Reached skill level 18 in Axes
  7716 | D:9      | Noticed Pikel
  7733 | D:9      | Killed Pikel
  7977 | D:9      | Noticed a green ugly thing
  8267 | D:8      | Found a staircase to the Lair.
  8302 | D:8      | Reached skill level 19 in Axes
  8323 | D:8      | Noticed Psyche
  8330 | D:8      | Killed Psyche
  8349 | D:8      | Found a radiant altar of Vehumet.
  8956 | D:9      | Reached ***** piety under Trog
  9080 | D:9      | Killed a green ugly thing
  9161 | D:10     | Entered Level 10 of the Dungeon
  9192 | D:10     | Found Temiann's Assorted Antiques.
  9363 | D:10     | Found a blossoming altar of Fedhas.
  9509 | D:10     | Reached XP level 11. HP: 81/82 MP: 10/10
  9571 | D:10     | Found a shimmering blue altar of Sif Muna.
  9573 | D:10     | Reached skill level 20 in Axes
 10336 | D:10     | Found a sacrificial altar of Ru.
 10634 | D:11     | Noticed Maurice
 10707 | D:11     | Killed Maurice
 10708 | D:11     | Reached skill level 21 in Axes
 11087 | D:11     | Noticed Amaemon
 11113 | D:11     | HP: 1/82 [poisoned by Amaemon]
 11114 | D:11     | Succumbed to Amaemon's poison

Illustrated notes

Levels and vault maps discovered:
D:1:      dpeg_arrival_rooms_a, layout_rooms, minmay_small_reverse_x
D:2:      layout_rooms, chequers_ecumenical_altar_island
D:3:      layout_basic, regret_index_temple_of_mockery, lightli_temple_of_fire,
          lemuel_crystal_altar, minmay_fountain_box
D:4:      layout_rooms, nicolae_dithmenos_through_a_glass_darkly,
          minmay_temple_entry_wispy, cheibrodos_sewer_entry_sluice,
          serial_curves, eino_curves_04, eino_curves_02
D:5:      layout_basic, bloody_trog, grunt_qazlal_clouds, uniq_grinder
D:6:      layout_loops_corners, nicolae_wu_jian_immortal_techniques,
          water_boxes_lemuel, uniq_menkaure, uniq_prince_ribbit1
D:7:      nicolae_cairo_tiling_large, layout_cave_pools, uniq_duvessa
D:8:      layout_cave_pools, mainiacjoe_overflow_brackets, lair_entry_dummy,
          gammafunk_ghost_hive, uniq_psyche, uniq_erica
D:9:      layout_basic, lightli_corner_chamber, uniq_pikel
D:10:     layout_basic, marbit_many_paths, nicolae_overflow_hidden_temple,
          lemuel_tele_altar, serial_ice, serial_ice_b, serial_ice_e,
          serial_ice_n, serial_ice_o, serial_ice_c, serial_ice_i, serial_shops,
          shop
D:11:     layout_basic, nicolae_ashenzari_panopticon, uniq_amaemon, uniq_maurice

Skill      XL: |  1  2  3  4  5  6  7  8  9 10 11 |
---------------+----------------------------------+-----
Axes           | 4 5 6 8 10 11 14 17 19 21 | 21.2
Fighting       | |  3.6
Armour         | |  2.4
Dodging        | |  2.1

Action                   |  1- 3 |  4- 6 |  7- 9 | 10-12 || total
-------------------------+-------+-------+-------+-------++-------
Melee: Hand axe          |    67 |       |       |       ||    67
       Headbutt          |     7 |    21 |    33 |    54 ||   115
       War axe           |     8 |   139 |   208 |       ||   355
       Punch             |       |       |     3 |       ||     3
       Battleaxe         |       |       |     9 |   311 ||   320
Throw: Dart              |       |     3 |     2 |       ||     5
Invok: Berserk           |       |     2 |     2 |     4 ||     8
Evoke: Wand              |       |       |     7 |     2 ||     9
  Use: Potion            |     1 |     1 |       |     2 ||     4
       Scroll            |       |    10 |     8 |     4 ||    22
 Stab: Invisible         |       |       |     1 |       ||     1
Armor: Leather armour    |    15 |    23 |       |       ||    38
       Animal skin       |     2 |       |       |       ||     2
       Ring mail         |     2 |    20 |       |       ||    22
       Chain mail        |       |    17 |   126 |   222 ||   365
Dodge: Dodged            |    37 |    97 |    80 |   168 ||   382
